 Dungeon Crawl Stone Soup version 0.31.0-1-g2c135a008e (webtiles) character file.

Game seed: 743441330846575936

1579 qw the Shooter (level 9, -6/65 HPs)
             Began as a Djinni Hunter on Jan 23, 2024.
             Was a Follower of Okawaru.
             Mangled by an ice beast (21 damage)
             ... on level 7 of the Dungeon.
             The game lasted 00:00:29 (5733 turns).

qw the Shooter (Djinni Hunter)                      Turns: 5733, Time: 00:00:29

Health: -6/65      AC:  7    Str: 10    XL:     9   Next: 14%
Gold:   289        EV: 13    Int: 10    God:    Okawaru [*.....] SH:  0 Dex: 22

rFire   + + .        d - +2 arbalest
rCold   x . .        (shield currently unavailable)
rNeg    . . .        e - +0 ring mail
rPois   inf          (no helmet)
rElec   .            f - +0 cloak
rCorr   .            a - +0 pair of gloves
SInv    .            (boots unavailable)
Will    .....        (no amulet)
Stlth   +            (no ring)
HPRegen 0.30/turn    (no ring)
MPRegen 0.00/turn

%: infuse magic (-7 HP)
@: flying
A: sickness immunity, fire resistance 2, cold vulnerability 1, float, innate
caster, HP casting, extra vitality 1
a: Renounce Religion, Heroism


You were on level 7 of the Dungeon.
You worshipped Okawaru.
Okawaru was aware of your devotion.
You visited 2 branches of the dungeon, and saw 8 of its levels.

You collected 289 gold pieces.


Innate Abilities, Weirdness & Mutations

You are immune to sickness and miasma.
You are immune to poison.
Your flesh is very heat resistant. (rF++)
You are vulnerable to cold. (rC-)
You float through the air rather than walking.
You learn spells naturally, not from books.
Your magical power is your life essence.
You have superior vitality. (+4 MHP)


   Skills:
 - Level 5.2 Fighting
 - Level 7.0 Ranged Weapons
 - Level 2.0 Armour
 + Level 4.6 Dodging
 - Level 0.7 Stealth
 - Level 4.1 Invocations


You knew the following spells:

 Your Spells              Type           Power      Damage    Failure   Level
a - Slow                  Hex            0%         N/A       67%         1
b - Static Discharge      Conj/Air       0%         3-3/arc   82%         2
c - Blink                 Tloc           0%         N/A       82%         2
d - Tukima's Dance        Hex            0%         N/A       96%         3
Your spell library was empty.

Inventory:

Hand Weapons
 d - a +2 arbalest (weapon)
Armour
 a - a +0 pair of gloves (worn)
 e - a +0 ring mail (worn)
 f - a +0 cloak (worn)
Wands
 b - a wand of polymorph (8)
 h - a wand of mindburst (21)
Potions
 c - a potion of heal wounds
 i - 2 potions of cancellation

Dungeon Overview and Level Annotations

Branches:
Dungeon (7/15)             Temple (1/1) D:4

Altars:
Ashenzari
Cheibriados
Dithmenos
Fedhas
Gozag
Makhleb
Nemelex Xobeh
Okawaru
Wu Jian
Yredelemnul
Zin

Shops:
D:6 =

Annotations:
D:3 2 transporters, qw's ghost, novice DjHu


Message History

Duvessa barely misses you. Duvessa hits you but does no damage.
You shoot a bolt. The bolt closely misses Duvessa.
Duvessa closely misses you. x2
You shoot a bolt. The bolt hits Duvessa!
Duvessa is heavily wounded.
Duvessa closely misses you. Duvessa hits you with a +0 short sword!
You shoot a bolt. The bolt hits Duvessa!!
You kill Duvessa!
Okawaru accepts your kill.
Your base Fighting skill increases to level 5!
You start resting.
You feel like a meek peon again.
HP restored.
b - a wand of polymorph (8)
Things that are here:
a +1 dagger of venom; a +0 robe; the elf skeleton of Dowan
There is a stone staircase leading down here.
c - a potion of heal wounds
Found an escape hatch in the ceiling.
An ice beast comes into view.
The ice beast moves out of view.
You shoot a bolt. The bolt closely misses the ice beast.
The ice beast hits you. The ice beast freezes you!
You feel a terrible chill! The ice beast misses you.
You shoot a bolt. The bolt hits the ice beast.
The ice beast is lightly wounded.
The ice beast hits you but does no damage.
You shoot a bolt. The bolt barely misses the ice beast.
The ice beast hits you but does no damage.
The ice beast hits you. The ice beast freezes you!
You feel a terrible chill!
You shoot a bolt. The bolt hits the ice beast.
The ice beast is moderately wounded.
The ice beast hits you. The ice beast freezes you!!
You feel a terrible chill! The ice beast barely misses you.
You shoot a bolt. The bolt hits the ice beast!
The ice beast is severely wounded.
The ice beast hits you but does no damage.
You shoot a bolt. The bolt closely misses the ice beast.
The ice beast hits you. The ice beast freezes you!!
You feel a terrible chill!
You die...

..........##.
............ .........#
#.....<.### ###
.......... ##.## ###
.........
##...###.###Y.......
#.........#.@.......
#...................
##..................
#####....#...#..#......
##.......##...####......
................ #....#
.....#.#......... ...##
..#..##.......... ...#
###...##........


You could see an ice beast.

Vanquished Creatures
  A water moccasin (D:5)
  An orc warrior (D:6)
  A sky beast (D:6)
  Duvessa (D:7)
  An ice beast (D:5)
  2 centaurs (D:6)
  An ogre (D:4)
  A bullfrog (D:6)
  3 scorpions
  Dowan (D:7)
  3 hounds
  5 iguanas
  2 sleepcaps
  Natasha (thrice) (D:2)
  2 orc wizards
  7 adders
  A shadow imp (D:6)
  2 white imps (D:5)
  2 ufetubi (D:6)
  3 dart slugs
  6 orcs
  6 ball pythons
  4 bats
  7 endoplasms
  4 giant cockroaches
  6 goblins
  4 hobgoblins
  11 jackals
  8 kobolds
  4 quokkas
  2 frilled lizards
  2 rats
107 creatures vanquished.

Notes
Turn   | Place    | Note
-------+----------+-------------------------------------------
     0 | D:1      | qw the Djinni Hunter began the quest for the Orb.
     0 | D:1      | Reached XP level 1. HP: 18/18 MP: 0/0
     0 | D:1      | 0 ||| qw: Version: 0.3-a-135-gb77e89d
     0 | D:1      | 0 ||| qw: Game counter: 884
     0 | D:1      | 0 ||| qw: Melee chars always use a shield: true
     0 | D:1      | 0 ||| qw: God list: Okawaru
     0 | D:1      | 0 ||| qw: Allow faded altars: false
     0 | D:1      | 0 ||| qw: Do Orc after clearing Dungeon:15 true
     0 | D:1      | 0 ||| qw: Do second Lair branch before Depths: true
     0 | D:1      | 0 ||| qw: Lair rune preference: random
     0 | D:1      | 0 ||| qw: Goals: Normal
     0 | D:1      | 0 ||| PLANNING D:1-11
    87 | D:1      | Found a faded altar of an unknown god.
   145 | D:1      | Reached XP level 2. HP: 23/23 MP: 0/0
   515 | D:1      | You are sucked into a shaft and drop 1 floor!
   525 | D:2      | Reached XP level 3. HP: 28/28 MP: 0/0
   525 | D:2      | Learned a level 1 spell: Slow
   552 | D:2      | 552 ||| UPGRADING to +0 ring mail.
   562 | D:2      | 562 ||| DROPPING +0 leather armour.
   563 | D:2      | 563 ||| READING 2 scrolls labelled CIRUIJ UROZUHACW.
   563 | D:2      | 563 ||| IDENTIFYING scroll labelled EFOLUU ROOF
   564 | D:2      | 564 ||| DROPPING scroll of butterflies.
   565 | D:2      | 565 ||| DROPPING scroll of vulnerability.
   663 | D:1      | Reached skill level 4 in Ranged Weapons
   804 | D:2      | Noticed Natasha
   815 | D:2      | Killed Natasha
   816 | D:2      | Reached XP level 4. HP: 25/33 MP: 0/0
   848 | D:2      | Noticed Natasha
   859 | D:2      | Killed Natasha
   884 | D:2      | 884 ||| FLEEEEING.
   885 | D:2      | 885 ||| FLEEEEING.
   888 | D:2      | 888 ||| FLEEEEING.
   891 | D:2      | 891 ||| FLEEEEING.
   892 | D:2      | 892 ||| FLEEEEING.
   893 | D:2      | 893 ||| STAIRDANCE
  1018 | D:2      | Noticed Natasha
  1024 | D:2      | HP: 7/34 [cerulean imp/+2 spear[Natasha] (4)]
  1024 | D:2      | HP: 3/34 [Natasha/magic dart (4)]
  1025 | D:2      | Killed Natasha
  1026 | D:2      | Reached skill level 3 in Fighting
  1026 | D:2      | Reached XP level 5. HP: 4/40 MP: 0/0
  1026 | D:2      | Learned a level 2 spell: Static Discharge
  1520 | D:2      | 1520 ||| READING scroll of identify.
  1520 | D:2      | 1520 ||| IDENTIFYING fizzy pink potion
  1521 | D:2      | 1521 ||| READING scroll labelled PYWYIT JE BIS.
  1522 | D:2      | 1522 ||| DROPPING potion of degeneration.
  1959 | D:3      | Found a transporter.
  1963 | D:3      | Noticed qw's ghost (novice DjHu)
  1964 | D:3      | Found a transporter.
  1968 | D:3      | 1968 ||| UPGRADING to +0 cloak.
  1970 | D:3      | Noticed an ogre
  1973 | D:3      | 1973 ||| READING scroll of identify.
  1973 | D:3      | 1973 ||| IDENTIFYING ruby potion
  1974 | D:3      | 1974 ||| DRINKING 2 yellow potions.
  1975 | D:3      | 1975 ||| DROPPING potion of attraction.
  1976 | D:3      | 1976 ||| DROPPING potion of ambrosia.
  2095 | D:4      | Reached XP level 6. HP: 45/46 MP: 0/0
  2260 | D:4      | Reached skill level 5 in Ranged Weapons
  2418 | D:4      | Found a sparkling altar of Nemelex Xobeh.
  2471 | D:4      | Found a staircase to the Ecumenical Temple.
  2472 | D:4      | 2472 ||| PLANNING TEMPLE
  2472 | D:4      | 2472 ||| READING 4 scrolls of identify.
  2472 | D:4      | 2472 ||| IDENTIFYING viscous purple potion
  2473 | D:4      | 2473 ||| READING 3 scrolls of identify.
  2473 | D:4      | 2473 ||| IDENTIFYING scroll labelled JUUNOBL CIXI
  2474 | D:4      | 2474 ||| READING scroll of enchant weapon.
  2474 | D:4      | 2474 ||| ENCHANTING +0 shortbow.
  2475 | D:4      | 2475 ||| READING 2 scrolls of identify.
  2475 | D:4      | 2475 ||| IDENTIFYING scroll labelled QITINNOESCHU
  2476 | D:4      | 2476 ||| DROPPING scroll of fear.
  2482 | Temple   | Entered the Ecumenical Temple
  2483 | Temple   | 2483 ||| PLANNING OKAWARU WORSHIP
  2491 | Temple   | Became a worshipper of Warmaster Okawaru
  2492 | Temple   | 2492 ||| PLANNING D:1-11
  2592 | D:4      | Noticed an ogre
  2593 | D:4      | 2593 ||| SWAPPING to +0 arbalest.
  2595 | D:4      | Killed an ogre
  2596 | D:4      | Reached skill level 3 in Dodging
  2596 | D:4      | 2596 ||| DROPPING +1 shortbow.
  2653 | D:5      | Entered Level 5 of the Dungeon
  2664 | D:5      | Noticed a water moccasin
  2667 | D:5      | Killed a water moccasin
  2668 | D:5      | Reached XP level 7. HP: 53/53 MP: 0/0
  2668 | D:5      | Learned a level 2 spell: Blink
  2787 | D:5      | 2787 ||| FLEEEEING.
  2788 | D:5      | 2788 ||| FLEEEEING.
  2789 | D:5      | 2789 ||| FLEEEEING.
  3108 | D:5      | Reached skill level 6 in Ranged Weapons
  3180 | D:5      | Reached * piety under Okawaru
  3181 | D:5      | Reached XP level 8. HP: 58/58 MP: 0/0
  3186 | D:5      | 3186 ||| FLEEEEING.
  3187 | D:5      | 3187 ||| FLEEEEING.
  3188 | D:5      | 3188 ||| FLEEEEING.
  3189 | D:5      | 3189 ||| FLEEEEING.
  3190 | D:5      | 3190 ||| FLEEEEING.
  3517 | D:5      | 3517 ||| READING scroll of enchant weapon.
  3517 | D:5      | 3517 ||| ENCHANTING +0 arbalest.
  3644 | D:5      | 3644 ||| UPGRADING to +0 pair of gloves.
  3649 | D:5      | 3649 ||| READING 3 scrolls of identify.
  3649 | D:5      | 3649 ||| IDENTIFYING fuming clear potion
  3650 | D:5      | 3650 ||| READING 2 scrolls of identify.
  3650 | D:5      | 3650 ||| IDENTIFYING 2 viscous coppery potions
  3651 | D:5      | 3651 ||| READING scroll of identify.
  3651 | D:5      | 3651 ||| IDENTIFYING scroll labelled TAZEAM CYFFIGG
  3652 | D:5      | 3652 ||| DROPPING scroll of immolation.
  3770 | D:6      | Reached skill level 1 in Invocations
  3892 | D:6      | Found Bid Oloi's Jewellery Shoppe.
  3898 | D:6      | 3898 ||| DRINKING potion of curing.
  3898 | D:6      | 3898 ||| (to cure confusion)
  4018 | D:6      | 4018 ||| SHOPLISTING +6 ring of dexterity (540 gold, have
                  | 226).
  4018 | D:6      | 4018 ||| SHOPLISTING amulet of reflection (450 gold, have
                  | 226).
  4018 | D:6      | 4018 ||| SHOPLISTING ring of ice (375 gold, have 226).
  4018 | D:6      | 4018 ||| SHOPLISTING ring of protection from cold (375
                  | gold, have 226).
  4018 | D:6      | 4018 ||| SHOPLISTING ring of resist corrosion (300 gold,
                  | have 226).
  4018 | D:6      | 4018 ||| SHOPLISTING ring of willpower (375 gold, have
                  | 226).
  4046 | D:6      | Reached skill level 3 in Invocations
  4434 | D:6      | 4434 ||| READING scroll of enchant weapon.
  4434 | D:6      | 4434 ||| ENCHANTING +1 arbalest.
  4539 | D:6      | 4539 ||| READING scroll of identify.
  4539 | D:6      | 4539 ||| IDENTIFYING smoky amethyst potion
  4540 | D:6      | 4540 ||| DROPPING potion of berserk rage.
  4601 | D:7      | Noticed Duvessa
  4601 | D:7      | Noticed Dowan
  4603 | D:7      | 4603 ||| STAIRDANCE
  4688 | D:7      | 4688 ||| STAIRDANCE
  4750 | D:7      | 4750 ||| STAIRDANCE
  4786 | D:7      | 4786 ||| STAIRDANCE
  4823 | D:7      | 4823 ||| STAIRDANCE
  4916 | D:7      | 4916 ||| STAIRDANCE
  4949 | D:7      | 4949 ||| STAIRDANCE
  5007 | D:7      | 5007 ||| STAIRDANCE
  5007 | D:7      | HP: 9/58 [centaur/arrow (7)]
  5009 | D:6      | 5009 ||| FLEEEEING.
  5010 | D:6      | 5010 ||| FLEEEEING.
  5011 | D:6      | 5011 ||| FLEEEEING.
  5012 | D:6      | 5012 ||| FLEEEEING.
  5013 | D:6      | 5013 ||| FLEEEEING.
  5014 | D:6      | 5014 ||| FLEEEEING.
  5015 | D:6      | 5015 ||| FLEEEEING.
  5016 | D:6      | 5016 ||| FLEEEEING.
  5017 | D:6      | 5017 ||| FLEEEEING.
  5018 | D:6      | 5018 ||| FLEEEEING.
  5019 | D:6      | 5019 ||| FLEEEEING.
  5020 | D:6      | 5020 ||| FLEEEEING.
  5021 | D:6      | 5021 ||| FLEEEEING.
  5022 | D:6      | 5022 ||| FLEEEEING.
  5023 | D:6      | 5023 ||| FLEEEEING.
  5024 | D:6      | 5024 ||| FLEEEEING.
  5025 | D:6      | 5025 ||| FLEEEEING.
  5026 | D:6      | 5026 ||| FLEEEEING.
  5027 | D:6      | 5027 ||| FLEEEEING.
  5028 | D:6      | 5028 ||| FLEEEEING.
  5029 | D:6      | 5029 ||| FLEEEEING.
  5030 | D:6      | 5030 ||| FLEEEEING.
  5031 | D:6      | 5031 ||| FLEEEEING.
  5032 | D:6      | 5032 ||| FLEEEEING.
  5033 | D:6      | 5033 ||| FLEEEEING.
  5034 | D:6      | 5034 ||| FLEEEEING.
  5035 | D:6      | 5035 ||| FLEEEEING.
  5036 | D:6      | 5036 ||| FLEEEEING.
  5037 | D:6      | 5037 ||| FLEEEEING.
  5038 | D:6      | 5038 ||| FLEEEEING.
  5039 | D:6      | 5039 ||| FLEEEEING.
  5040 | D:6      | 5040 ||| FLEEEEING.
  5041 | D:6      | 5041 ||| FLEEEEING.
  5042 | D:6      | 5042 ||| FLEEEEING.
  5043 | D:6      | 5043 ||| FLEEEEING.
  5044 | D:6      | 5044 ||| FLEEEEING.
  5045 | D:6      | 5045 ||| FLEEEEING.
  5046 | D:6      | 5046 ||| FLEEEEING.
  5047 | D:6      | 5047 ||| FLEEEEING.
  5048 | D:6      | 5048 ||| FLEEEEING.
  5049 | D:6      | 5049 ||| FLEEEEING.
  5050 | D:6      | 5050 ||| FLEEEEING.
  5051 | D:6      | 5051 ||| FLEEEEING.
  5052 | D:6      | 5052 ||| FLEEEEING.
  5053 | D:6      | 5053 ||| FLEEEEING.
  5054 | D:6      | 5054 ||| FLEEEEING.
  5055 | D:6      | 5055 ||| FLEEEEING.
  5056 | D:6      | 5056 ||| FLEEEEING.
  5057 | D:6      | 5057 ||| FLEEEEING.
  5058 | D:6      | 5058 ||| FLEEEEING.
  5059 | D:6      | 5059 ||| FLEEEEING.
  5060 | D:6      | 5060 ||| FLEEEEING.
  5061 | D:6      | 5061 ||| STAIRDANCE
  5063 | D:5      | 5063 ||| FLEEEEING.
  5064 | D:5      | 5064 ||| STAIRDANCE
  5066 | D:4      | 5066 ||| FLEEEEING.
  5067 | D:4      | 5067 ||| FLEEEEING.
  5068 | D:4      | 5068 ||| FLEEEEING.
  5069 | D:4      | 5069 ||| FLEEEEING.
  5070 | D:4      | 5070 ||| FLEEEEING.
  5071 | D:4      | 5071 ||| FLEEEEING.
  5072 | D:4      | 5072 ||| FLEEEEING.
  5073 | D:4      | 5073 ||| FLEEEEING.
  5074 | D:4      | 5074 ||| FLEEEEING.
  5075 | D:4      | 5075 ||| FLEEEEING.
  5076 | D:4      | 5076 ||| STAIRDANCE
  5078 | D:3      | 5078 ||| FLEEEEING.
  5079 | D:3      | 5079 ||| FLEEEEING.
  5080 | D:3      | 5080 ||| FLEEEEING.
  5081 | D:3      | 5081 ||| FLEEEEING.
  5082 | D:3      | 5082 ||| FLEEEEING.
  5083 | D:3      | 5083 ||| FLEEEEING.
  5084 | D:3      | 5084 ||| FLEEEEING.
  5085 | D:3      | 5085 ||| FLEEEEING.
  5086 | D:3      | 5086 ||| FLEEEEING.
  5087 | D:3      | 5087 ||| FLEEEEING.
  5088 | D:3      | 5088 ||| FLEEEEING.
  5089 | D:3      | 5089 ||| FLEEEEING.
  5090 | D:3      | 5090 ||| FLEEEEING.
  5091 | D:3      | 5091 ||| FLEEEEING.
  5092 | D:3      | 5092 ||| FLEEEEING.
  5093 | D:3      | 5093 ||| FLEEEEING.
  5094 | D:3      | 5094 ||| FLEEEEING.
  5095 | D:3      | 5095 ||| STAIRDANCE
  5097 | D:2      | 5097 ||| FLEEEEING.
  5098 | D:2      | 5098 ||| FLEEEEING.
  5099 | D:2      | 5099 ||| FLEEEEING.
  5100 | D:2      | 5100 ||| FLEEEEING.
  5101 | D:2      | 5101 ||| FLEEEEING.
  5102 | D:2      | 5102 ||| FLEEEEING.
  5103 | D:2      | 5103 ||| FLEEEEING.
  5104 | D:2      | 5104 ||| FLEEEEING.
  5105 | D:2      | 5105 ||| FLEEEEING.
  5106 | D:2      | 5106 ||| FLEEEEING.
  5107 | D:2      | 5107 ||| FLEEEEING.
  5108 | D:2      | 5108 ||| FLEEEEING.
  5109 | D:2      | 5109 ||| FLEEEEING.
  5110 | D:2      | 5110 ||| FLEEEEING.
  5111 | D:2      | 5111 ||| FLEEEEING.
  5112 | D:2      | 5112 ||| FLEEEEING.
  5113 | D:2      | 5113 ||| FLEEEEING.
  5114 | D:2      | 5114 ||| FLEEEEING.
  5115 | D:2      | 5115 ||| FLEEEEING.
  5116 | D:2      | 5116 ||| FLEEEEING.
  5117 | D:2      | 5117 ||| FLEEEEING.
  5118 | D:2      | 5118 ||| FLEEEEING.
  5119 | D:2      | 5119 ||| FLEEEEING.
  5120 | D:2      | 5120 ||| FLEEEEING.
  5121 | D:2      | 5121 ||| FLEEEEING.
  5122 | D:2      | 5122 ||| FLEEEEING.
  5123 | D:2      | 5123 ||| FLEEEEING.
  5124 | D:2      | 5124 ||| FLEEEEING.
  5125 | D:2      | 5125 ||| FLEEEEING.
  5126 | D:2      | 5126 ||| FLEEEEING.
  5127 | D:2      | 5127 ||| FLEEEEING.
  5128 | D:2      | 5128 ||| FLEEEEING.
  5129 | D:2      | 5129 ||| FLEEEEING.
  5130 | D:2      | 5130 ||| FLEEEEING.
  5131 | D:2      | 5131 ||| FLEEEEING.
  5132 | D:2      | 5132 ||| FLEEEEING.
  5133 | D:2      | 5133 ||| FLEEEEING.
  5134 | D:2      | 5134 ||| FLEEEEING.
  5135 | D:2      | 5135 ||| FLEEEEING.
  5136 | D:2      | 5136 ||| FLEEEEING.
  5137 | D:2      | 5137 ||| FLEEEEING.
  5138 | D:2      | 5138 ||| FLEEEEING.
  5139 | D:2      | 5139 ||| FLEEEEING.
  5140 | D:2      | 5140 ||| FLEEEEING.
  5141 | D:2      | 5141 ||| FLEEEEING.
  5142 | D:2      | 5142 ||| FLEEEEING.
  5143 | D:2      | 5143 ||| FLEEEEING.
  5144 | D:2      | 5144 ||| FLEEEEING.
  5145 | D:2      | 5145 ||| FLEEEEING.
  5146 | D:2      | 5146 ||| FLEEEEING.
  5147 | D:2      | 5147 ||| FLEEEEING.
  5148 | D:2      | 5148 ||| FLEEEEING.
  5149 | D:2      | 5149 ||| FLEEEEING.
  5150 | D:2      | 5150 ||| FLEEEEING.
  5151 | D:2      | 5151 ||| FLEEEEING.
  5152 | D:2      | 5152 ||| FLEEEEING.
  5153 | D:2      | 5153 ||| FLEEEEING.
  5154 | D:2      | 5154 ||| FLEEEEING.
  5155 | D:2      | 5155 ||| FLEEEEING.
  5156 | D:2      | 5156 ||| FLEEEEING.
  5157 | D:2      | 5157 ||| FLEEEEING.
  5158 | D:2      | 5158 ||| FLEEEEING.
  5159 | D:2      | 5159 ||| FLEEEEING.
  5160 | D:2      | 5160 ||| FLEEEEING.
  5161 | D:2      | 5161 ||| FLEEEEING.
  5162 | D:2      | 5162 ||| FLEEEEING.
  5163 | D:2      | 5163 ||| FLEEEEING.
  5164 | D:2      | 5164 ||| FLEEEEING.
  5285 | D:7      | 5285 ||| STAIRDANCE
  5290 | D:6      | Reached skill level 7 in Ranged Weapons
  5290 | D:6      | Reached XP level 9. HP: 55/63 MP: 0/0
  5290 | D:6      | Learned a level 3 spell: Tukima's Dance
  5316 | D:6      | 5316 ||| DROPPING wand of flame (18).
  5319 | D:7      | 5319 ||| STAIRDANCE
  5323 | D:7      | 5323 ||| STAIRDANCE
  5350 | D:7      | 5350 ||| STAIRDANCE
  5352 | D:6      | 5352 ||| FLEEEEING.
  5353 | D:6      | 5353 ||| FLEEEEING.
  5354 | D:6      | 5354 ||| FLEEEEING.
  5355 | D:6      | 5355 ||| FLEEEEING.
  5356 | D:6      | 5356 ||| FLEEEEING.
  5357 | D:6      | 5357 ||| FLEEEEING.
  5358 | D:6      | 5358 ||| FLEEEEING.
  5359 | D:6      | 5359 ||| FLEEEEING.
  5360 | D:6      | 5360 ||| FLEEEEING.
  5361 | D:6      | 5361 ||| FLEEEEING.
  5362 | D:6      | 5362 ||| FLEEEEING.
  5363 | D:6      | 5363 ||| FLEEEEING.
  5364 | D:6      | 5364 ||| FLEEEEING.
  5365 | D:6      | 5365 ||| FLEEEEING.
  5366 | D:6      | 5366 ||| FLEEEEING.
  5367 | D:6      | 5367 ||| FLEEEEING.
  5368 | D:6      | 5368 ||| FLEEEEING.
  5369 | D:6      | 5369 ||| FLEEEEING.
  5370 | D:6      | 5370 ||| FLEEEEING.
  5371 | D:6      | 5371 ||| FLEEEEING.
  5372 | D:6      | 5372 ||| FLEEEEING.
  5373 | D:6      | 5373 ||| FLEEEEING.
  5417 | D:7      | 5417 ||| STAIRDANCE
  5421 | D:7      | 5421 ||| STAIRDANCE
  5425 | D:7      | 5425 ||| STAIRDANCE
  5475 | D:7      | Killed Dowan
  5476 | D:7      | 5476 ||| INVOKING Heroism.
  5476 | D:7      | HP: 6/63 [Duvessa/+0 short sword (10)]
  5476 | D:7      | HP: 2/63 [Duvessa/+0 short sword (4)]
  5477 | D:7      | 5477 ||| DRINKING potion of heal wounds.
  5484 | D:7      | HP: 2/63 [Duvessa/+0 short sword (10)]
  5485 | D:7      | Killed Duvessa
  5733 | D:7      | HP: 15/65 [ice beast (3)]
  5733 | D:7      | Mangled by an ice beast

Levels and vault maps discovered:
D:1:      mrwooster_arrival_arrow, layout_loops_cross,
          chequers_ecumenical_altar_simple
D:2:      layout_rooms, ebering_dispersal_statue_hall, minmay_misc_feat_rows,
          uniq_natasha
D:3:      layout_rooms, mainiacjoe_overflow_alcove_2, gammafunk_ghost_smash,
          serial_corexii_hall, corexii_hall_statues_s, chequers_hall_statues_y
D:4:      layout_gridville, mainiacjoe_overflow_brackets, temple_green,
          small_statue_intersection
D:5:      layout_layer_cave, vehumet_altar_wand_db
D:6:      layout_loops_cross, serial_shops, shop
D:7:      layout_cave_pools, mainiacjoe_overflow_alcove_4, uniq_joseph,
          uniq_duvessa
Temple:   nicolae_temple_two_arcs

Skill      XL: |  1  2  3  4  5  6  7  8  9 |
---------------+----------------------------+-----
Ranged Weapons | 4 5 6 7 |  7.0
Armour         | 2 |  2.0
Fighting       | 3 4 5 |  5.2
Dodging        | 3 4 |  4.6
Invocations    | 4 |  4.1
Stealth        | |  0.7

Action                     |  1- 3 |  4- 6 |  7- 9 || total
---------------------------+-------+-------+-------++-------
   Fire: Shortbow          |    53 |   164 |       ||   217
         Arbalest          |       |     6 |   125 ||   131
 Invoke: Heroism           |       |       |     1 ||     1
    Use: Scroll            |     1 |     7 |     6 ||    14
         Potion            |       |     1 |     2 ||     3
 Armour: Leather armour    |     6 |       |       ||     6
         Ring mail         |     4 |    65 |   128 ||   197
         Skin              |       |       |     4 ||     4
  Dodge: Dodged            |     9 |    82 |   129 ||   220

Table legend:
 A = Non-vault XP
 B = Vault XP
 C = Vault XP percentage of total XP
 D = Non-vault monster count
 E = Vault monster count
 F = Vault count percentage of total count
                 A         B        C        D         E       F
            +---------+---------+-------+---------+---------+-------
      Total |    2018 |     238 |  10.5 |     103 |       4 |   3.7
            +---------+---------+-------+---------+---------+-------
        D:1 |      26 |       0 |   0.0 |      14 |       0 |   0.0
        D:2 |     121 |      36 |  22.9 |      23 |       1 |   4.2
        D:3 |      34 |       0 |   0.0 |      11 |       0 |   0.0
        D:4 |     301 |       0 |   0.0 |      19 |       0 |   0.0
        D:5 |     649 |       1 |   0.2 |      21 |       1 |   4.5
        D:6 |     887 |       0 |   0.0 |      15 |       0 |   0.0
        D:7 |       0 |     201 | 100.0 |       0 |       2 | 100.0
            +---------+---------+-------+---------+---------+-------
